 Dungeon Crawl Stone Soup version 0.18.1-50-g88ac8fd (webtiles) character file.

68 xvapx the Sneak (level 4, -5/33 HPs)
             Began as a Vampire Assassin on Sept 25, 2016.
             Killed by nerve-wracking pain
             ... invoked by Menkaure
              (9 damage)
             ... on level 4 of the Dungeon.
             The game lasted 00:21:32 (2364 turns).

xvapx the Sneak (Vampire Assassin)                  Turns: 2364, Time: 00:21:33

Health: -5/33      AC:  5    Str:  7 (10) XL:     4   Next: 1%
Magic:  4/4        EV: 12    Int: 15 (16) God:
Gold:   176        SH:  0    Dex: 15 (16) Spells: 0 memorised, 3 levels left

rFire  . . .     SeeInvis +     b - +0 blowgun
rCold  + . .     Gourm    .     c - +1 robe
rNeg   + + .     Faith    .     (no shield)
rPois  +         Spirit   .     (no helmet)
rElec  .         Dismiss  .     d - +0 cloak
rCorr  .         Reflect  .     s - +0 pair of gloves
SustAt .         Harm     .     (no boots)
MR     .....                    (no amulet)
Stlth  ++++......               (no ring)
                                u - +3 ring of intelligence

@: regenerating slowly, not resistant to hostile enchantments, stealthy
A: fangs 3, see invisible, unbreathing
a: Bat Form


You were on level 4 of the Dungeon.
You were very thirsty.

You visited 1 branch of the dungeon, and saw 4 of its levels.

You collected 176 gold pieces.

Inventory:

Hand Weapons
 a - a +2 dagger
 b - a +0 blowgun (weapon)
 i - a +0 vampiric dagger
 j - a +0 club
 o - a +0 club
 p - a +0 whip
 q - a +0 club
 r - a +0 club
 B - a +0 short sword
 C - a +0 short sword
 D - a +0 flail
 F - a +0 hunting sling
Missiles
 e - 22 poisoned needles (quivered)
 f - 2 curare-tipped needles
 k - 32 arrows
Armour
 c - a +1 robe (worn)
 d - a +0 cloak (worn)
 l - a +0 ring mail
 n - a +0 ring mail
 s - a +0 pair of gloves (worn)
 z - a +0 leather armour
Jewellery
 u - a +3 ring of intelligence (left hand)
Wands
 g - a wand of digging (1/24)
Scrolls
 m - a scroll of amnesia
 v - 2 scrolls of fog
 w - a scroll of teleportation
 y - 3 scrolls of identify
Comestibles
 A - a bread ration


   Skills:
 * Level 2.0 Fighting
 * Level 2.4 Short Blades
 + Level 1.5 Throwing
 * Level 1.8 Dodging
 * Level 7.7 Stealth


You had 3 spell levels left.
You didn't know any spells.

Dungeon Overview and Level Annotations

Branches:
Dungeon (4/15)
 Temple: D:4-7

Altars:
Elyvilon
Nemelex Xobeh
Pakellas
Vehumet

Annotations:
D:4 Menkaure


Innate Abilities, Weirdness & Mutations

You heal slowly.
You have razor-sharp teeth.
You have supernaturally acute eyesight.
You can survive without breathing.


Message History

Pain shoots through your body!
You feel better.
Menkaure points at you and mumbles some strange words.
You barely resist. Menkaure hits you!!
Ouch! That really hurt!
* * * LOW HITPOINT WARNING * * *
Menkaure calls on the powers of darkness!
You feel a surge of unholy energy.
You feel better.
Menkaure calls on the powers of darkness!
Your body is wracked with pain!
* * * LOW HITPOINT WARNING * * *
You see here 7 gold pieces.
You feel your glee subside.
b - a +0 blowgun (weapon)
Menkaure hits you.
* * * LOW HITPOINT WARNING * * *
Menkaure casts a spell at you. Pain shoots through your body!
You die...

#.##..#.##.........#
####.....#.##......_..######
.....##..#..................
.....##.....................
............................
...............#............
##....##.##..###............
.#....##.##.># #............
.'....##.##..###@...........
.#..#.##.##.................
##....##.###....M...........
....#.##.# #...........#####
#.#.#.##.#.............#
#.#.### #.#...........#
......##.# #...........#
<........ .............#
#..........#.........$.#


You could see Menkaure.

Vanquished Creatures
  An adder (D:2)
  An ooze (D:2)
  A worm (D:3)
  A dart slug (D:1)
  A giant gecko (D:3)
  3 orcs
  4 bats
  A giant cockroach (D:1)
  3 goblins
  6 hobgoblins
  7 kobolds
  5 ball pythons
  4 giant newts
  A quokka skeleton (D:4)
  6 rats
45 creatures vanquished.

Notes
Turn   | Place    | Note
--------------------------------------------------------------
     0 | D:1      | xvapx the Vampire Assassin began the quest for the Orb.
     0 | D:1      | Reached XP level 1. HP: 16/16 MP: 1/1
    51 | D:1      | Reached skill level 6 in Stealth
   189 | D:1      | Reached XP level 2. HP: 22/22 MP: 2/2
   595 | D:1      | Reached skill level 7 in Stealth
  1054 | D:1      | You fall through a shaft!
  1258 | D:2      | Reached XP level 3. HP: 27/27 MP: 3/3
  1270 | D:2      | Found a sparkling altar of Nemelex Xobeh.
  1591 | D:2      | Found a white marble altar of Elyvilon.
  1858 | D:3      | Found a faded altar to an unknown god.
  2184 | D:3      | Reached XP level 4. HP: 28/33 MP: 4/4
  2226 | D:4      | Found an oddly glowing altar of Pakellas.
  2271 | D:4      | Found a radiant altar of Vehumet.
  2283 | D:4      | Noticed a hippogriff
  2328 | D:4      | Noticed Menkaure
  2352 | D:4      | HP: 1/33 [Menkaure (18)]
  2364 | D:4      | Killed from afar by Menkaure

Skill      XL: |  1  2 |
---------------+-------+-----
Stealth        | 6 7 |  7.7
Fighting       | 2 |  2.0
Short Blades   | |  2.4
Throwing       | |  1.5
Dodging        | |  1.8

Action                   |  1- 3 |  4- 6 || total
-------------------------+-------+-------++-------
Melee: Dagger            |   153 |    18 ||   171
       Bite              |    14 |     5 ||    19
  Use: Scroll            |     6 |       ||     6
       Potion            |     6 |     2 ||     8
 Stab: Sleeping          |    13 |       ||    13
       Distracted        |     1 |     1 ||     2
Armor: Robe              |    30 |       ||    30
Dodge: Dodged            |    82 |     9 ||    91
